[Event "Bergen Grand Prix 2019"]
[Site "Bergen"]
[Date "2019.11.15"]
[Round "1.2"]
[White "Omtvedt, Aleksander"]
[Black "Fossan, Petter"]
[Result "0-1"]
[ECO "A01"]
[WhiteElo "1900"]
[BlackElo "2315"]
[Annotator "NA"]
[PlyCount "46"]
[EventDate "2019.11.15"]
[EventType "swiss"]
[EventCountry "NOR"]
[SourceTitle "playchess.com"]
[Source "ChessBase"]
[SourceQuality "1"]
[TimeControl "40/5400:1800"]

1. b3 e5 2. Bb2 d6 3. e3 g6 4. d4 Nd7 5. dxe5 dxe5 6. Nf3 Bg7 7. Be2 Ne7 8. c4 O-O 9. Qc2 c6 10. Nbd2 Qc7 11. e4 Nc5 12. O-O Ne6 13. Rfe1 f5 14. c5 Kh8 15. exf5 gxf5 16. Nc4 Ng6 17. b4 e4 18. Bxg7+ Qxg7 19. Nfd2 Nd4 20. Qb2 Nf4 21. Bf1 Nxg2 22. Kh1 Nxe1 23. Rxe1 Rg8 0-1

[Event "Bergen Grand Prix 2019"]
[Site "Bergen"]
[Date "2019.11.15"]
[Round "1.6"]
[White "Hjornevik, Knut J"]
[Black "Holleland, Sigve"]
[Result "1-0"]
[ECO "A30"]
[WhiteElo "1807"]
[BlackElo "2098"]
[Annotator "NA RC"]
[PlyCount "139"]
[EventDate "2019.11.15"]
[EventType "swiss"]
[EventCountry "NOR"]
[SourceTitle "playchess.com"]
[Source "ChessBase"]
[SourceQuality "1"]
[TimeControl "40/5400:1800"]

1. Nf3 Nf6 2. d4 e6 3. g3 b6 4. Bg2 Bb7 5. O-O c5 6. c4 cxd4 7. Nxd4 Bxg2 8. Kxg2 Qc7 9. b3 {[%emt 0:01:23] A30: Symmetrical English: Double Fianchetto and Hedgehog} a6 10. Bb2 (10. Kg1 Be7 11. Bb2 O-O 12. Nc3 Qb7 13. Qd3 d6 14. Qf3 Qxf3 15. Nxf3 Rc8 16. Rfd1 Nbd7 17. Nd4 Rc7 18. f3 Rac8 19. Rac1 g6 20. e3 d5 21. cxd5 Nxd5 22. Nxd5 exd5 23. Rxc7 Rxc7 24. Kf2 Bf6 25. Ke2 h5 26. h3 {½-½ (26) Timoshenko,G (2518)-Miroshnichenko,E (2619) Mamaia 2013}) 10... Bc5 11. Qd3 Nc6 12. Nxc6 $146 ({Predecessor:} 12. Qf3 Ke7 13. Rd1 Nxd4 14. Bxd4 Bxd4 15. Rxd4 Qc6 16. Nc3 Rac8 {½-½ (25) Pfadenhauer,J (2067)-Woerl,R (2047) Fuerth 2015}) 12... Qxc6+ 13. Qf3 Qxf3+ 14. Kxf3 b5 15. Rc1 d6 16. e3 Ke7 17. Na3 Rab8 18. cxb5 axb5 19. Nc2 e5 20. b4 Bb6 21. e4 g5 22. Re1 Rhc8 23. Na3 Ra8 24. Rac1 Rxc1 25. Bxc1 Ra4 26. Re2 g4+ 27. Kg2 Rxb4 28. f3 gxf3+ 29. Kxf3 Bc5 30. Rb2 Rxb2 31. Bxb2 Bxa3 32. Bxa3 Ke6 33. Bb4 d5 34. exd5+ Nxd5 35. Bd2 e4+ 36. Kxe4 Nb6 37. Kd4 Na4 38. Bf4 f6 39. h4 h5 40. a3 Kf5 41. Kd5 Nc3+ 42. Kc5 Ke4 43. Bb8 Kd3 $2 {[%emt 0:00:00] [#]} (43... Kf3 $11 {and Black stays safe.}) 44. Bc7 $11 (44. g4 $1 $18 Ke4 (44... hxg4 45. h5) 45. gxh5) 44... Ke4 45. Bd6 Kd3 46. Kb4 Kd4 47. Bc5+ Kd3 48. Ba7 Nb1 49. g4 hxg4 50. h5 Nc3 51. h6 Nd5+ 52. Kxb5 Ne7 53. Bc5 Ng6 54. a4 f5 55. a5 f4 56. a6 f3 57. Bf2 Ke2 58. Bg3 f2 59. Bxf2 Kxf2 60. a7 g3 61. a8=Q g2 62. Qa7+ Ke2 63. Qg1 Kf3 64. h7 Kg3 65. Kc5 Kf3 66. Kd6 Kg3 67. Qe3+ Kg4 68. Qf2 Kh3 69. Qf3+ Kh2 70. Qh5+ 1-0

[Event "Bergen Grand Prix 2019"]
[Site "Bergen"]
[Date "2019.11.15"]
[Round "1.7"]
[White "Sorensen, Simen"]
[Black "Agustsson, Hafsteinn"]
[Result "1-0"]
[ECO "D37"]
[WhiteElo "2004"]
[BlackElo "1801"]
[Annotator "NA RC"]
[PlyCount "69"]
[EventDate "2019.11.15"]
[EventType "swiss"]
[EventCountry "NOR"]
[SourceTitle "playchess.com"]
[Source "ChessBase"]
[SourceQuality "1"]
[TimeControl "40/5400:1800"]

1. d4 d5 2. Nf3 e6 3. c4 Be7 4. Nc3 Nf6 5. Bf4 O-O 6. e3 c5 7. dxc5 Bxc5 8. Qc2 Nc6 {[%emt 0:14:11] D37: Queen's Gambit Declined: 5 Bf4} 9. Be2 (9. a3 Qa5 10. O-O-O Be7 11. Rg1 a6 12. g4 dxc4 13. Bxc4 b5 14. g5 Nh5 15. Bd3 b4 16. Bxh7+ Kh8 17. Be4 bxc3 18. Bxc6 cxb2+ {½-½ (44) Mamedyarov,S (2764)-Nakamura,H (2743) Saint Louis 2019}) 9... h6 $146 ({Predecessor:} 9... dxc4 10. Bxc4 Nb4 11. Qe2 Nbd5 12. Bxd5 Nxd5 13. Nxd5 Qxd5 14. O-O b6 15. Ne5 f6 16. e4 {½-½ (16) Cernousek,L (2427)-Chernyshov,K (2500) Marianske Lazne 2019}) 10. Rd1 Qe7 11. cxd5 Nb4 12. Qb3 Nbxd5 13. Be5 b6 14. O-O Bb7 15. Nb5 Rfd8 16. a3 a6 17. Nbd4 Bd6 18. Bxd6 Qxd6 19. Nd2 e5 20. Nc4 Qe7 21. Nf5 Qe6 22. Ng3 Nd7 23. h3 Nc5 24. Qc2 Nf6 {[%emt 0:00:42] [#]} 25. b4 (25. Qf5 $1 $16) 25... Nce4 26. Nxe4 Bxe4 (26... Nxe4 $11 {keeps the balance.} 27. Bf3 Rdc8 28. Bxe4 Rxc4 29. Qxc4 Qxc4 30. Bxb7 Rf8) 27. Qb2 Re8 28. Rd6 Qf5 29. Nxb6 Rad8 30. Nc4 Qg5 31. f3 Rxd6 32. Nxd6 Qxe3+ (32... Rd8 {keeps fighting.}) 33. Kh2 Rd8 {[%emt 0:00:20] [#]} 34. Nc4 $1 {[%emt 0:01:05] Double Attack} ({Worse is} 34. Nxe4 Nxe4 35. fxe4 Rd2 $11) 34... Rd2 $18 (34... Qf4+ $142 35. g3 Qg5 36. fxe4 Nxe4) 35. Qxd2 ({Weaker is} 35. Nxe3 Rxb2 36. Bxa6 Rb3 $16) 1-0

[Event "Bergen Grand Prix 2019"]
[Site "Bergen"]
[Date "2019.11.15"]
[Round "1.8"]
[White "Dale, Svein"]
[Black "Myagmarsuren, Evsuld"]
[Result "1/2-1/2"]
[ECO "B21"]
[WhiteElo "1787"]
[BlackElo "1471"]
[Annotator "NA RC"]
[PlyCount "66"]
[EventDate "2019.11.15"]
[EventType "swiss"]
[EventCountry "NOR"]
[SourceTitle "playchess.com"]
[Source "ChessBase"]
[SourceQuality "1"]
[TimeControl "40/5400:1800"]

1. e4 c5 2. d4 cxd4 3. c3 dxc3 4. Nxc3 e6 5. Nf3 Nc6 6. Bc4 Bc5 7. O-O Nge7 8. Bg5 O-O 9. Rc1 h6 10. Bh4 d6 11. Qe2 e5 12. Rfd1 Bg4 13. Nd5 g5 14. Nf6+ Kg7 15. Nxg4 gxh4 16. Nfxe5 Nxe5 17. Nxe5 Ng6 18. Nxg6 fxg6 19. Rf1 Qb6 20. Rc2 Rf6 21. Kh1 Raf8 22. f3 g5 23. e5 dxe5 24. Qxe5 g4 25. fxg4 Qd6 26. Qe1 Bb4 27. Rxf6 Rxf6 28. Qe2 h3 29. Rc1 hxg2+ 30. Qxg2 Qc6 31. Qxc6 Rxc6 32. Rc2 Kf6 33. Kg2 Ke5 1/2-1/2

[Event "Bergen Grand Prix 2019"]
[Site "Bergen"]
[Date "2019.11.15"]
[Round "1.9"]
[White "Jacobsen, Hans-Henry"]
[Black "Jonsbu, Egil"]
[Result "1-0"]
[ECO "A37"]
[WhiteElo "1646"]
[BlackElo "1465"]
[Annotator "NA RC"]
[PlyCount "85"]
[EventDate "2019.11.15"]
[EventType "swiss"]
[EventCountry "NOR"]
[SourceTitle "playchess.com"]
[Source "ChessBase"]
[SourceQuality "1"]
[TimeControl "40/5400:1800"]

1. c4 c5 2. Nc3 Nc6 3. g3 g6 4. Bg2 Bg7 5. Nf3 e6 6. Rb1 Nge7 7. a3 d5 8. cxd5 exd5 9. O-O O-O 10. d3 Re8 11. Bg5 h6 12. Bd2 b6 13. Qc1 d4 14. Na4 Bb7 15. Bxh6 Qd7 16. Bxg7 Kxg7 17. b4 Nxb4 18. axb4 Qxa4 19. bxc5 Rac8 20. Ra1 Qd7 21. Rxa7 Rxc5 22. Qb2 Qc8 23. Nxd4 f6 24. Rxb7 g5 25. Qxb6 Re5 26. Rb1 Qg4 27. h3 Qh5 28. g4 Qg6 29. Qd6 Kf8 30. Ne6+ Rxe6 31. Qxe6 Nc8 32. Qc4 Ne7 33. Rc7 f5 34. Rbb7 fxg4 35. Qxg4 Qg7 36. Bc6 Qa1+ 37. Kg2 Qe5 38. Bxe8 Nd5 39. Qf3+ Nf4+ 40. Kh2 Qxe8 41. e3 Kg8 42. exf4 gxf4 43. Rg7+ 1-0

[Event "Bergen Grand Prix 2019"]
[Site "Bergen"]
[Date "2019.11.15"]
[Round "1.10"]
[White "Olsen, Geir M"]
[Black "Sorhus, Jostein"]
[Result "0-1"]
[ECO "D00"]
[WhiteElo "1704"]
[BlackElo "1630"]
[Annotator "NA RC"]
[PlyCount "86"]
[EventDate "2019.11.15"]
[EventType "swiss"]
[EventCountry "NOR"]
[SourceTitle "playchess.com"]
[Source "ChessBase"]
[SourceQuality "1"]
[TimeControl "40/5400:1800"]

1. d4 Nf6 2. Nc3 d5 3. Bf4 g6 4. e3 a6 5. Bd3 Bg7 6. h4 h5 7. Nf3 Bg4 8. Qd2 Bxf3 9. gxf3 c5 10. dxc5 Qa5 11. O-O-O Qxc5 12. Kb1 b5 13. Be5 Nc6 14. f4 Rd8 15. Qe1 Nxe5 16. fxe5 Ng4 17. f4 Qxe3 18. Qd2 Qxd2 19. Rxd2 e6 20. Ne2 O-O 21. Nd4 Rfe8 22. Rg1 Bh6 23. Rf1 Nxe5 24. Be2 Ng4 25. Rd3 Rc8 26. Ra3 Bg7 27. Bxg4 hxg4 28. Ne2 Rc6 29. Ng3 Bf8 30. Re3 Rcc8 31. h5 Kg7 32. Rh1 Bd6 33. Ne2 Rc4 34. hxg6 fxg6 35. Nc3 d4 36. Rd3 Bxf4 37. Ne2 e5 38. Rg1 g3 39. b3 Rcc8 40. Nxf4 exf4 41. Rxd4 g5 42. Rd7+ Kf6 43. Rd5 Re2 0-1

[Event "Bergen Grand Prix 2019"]
[Site "Bergen"]
[Date "2019.11.15"]
[Round "1.11"]
[White "Tenfjord Engelsen, Teodor"]
[Black "Stensen, Vidar"]
[Result "1-0"]
[ECO "D00"]
[WhiteElo "1349"]
[BlackElo "1097"]
[Annotator "NA RC"]
[PlyCount "131"]
[EventDate "2019.11.15"]
[EventType "swiss"]
[EventCountry "NOR"]
[SourceTitle "playchess.com"]
[Source "ChessBase"]
[SourceQuality "1"]
[TimeControl "40/5400:1800"]

1. d4 d5 2. Nc3 e6 3. Bf4 Bd7 4. e3 Bb4 5. Bd3 Bxc3+ 6. bxc3 Nf6 7. Ne2 Nc6 8. O-O O-O 9. c4 Re8 10. Rb1 b6 11. cxd5 exd5 12. c4 Be6 13. Qc2 Qd7 14. Rfc1 Rac8 15. f3 dxc4 16. Bxc4 Bxc4 17. Qxc4 Na5 18. Qd3 c6 19. Bg5 Qe6 20. Rc2 b5 21. Rbc1 Nc4 22. e4 h6 23. Bxf6 Qxf6 24. a4 a6 25. axb5 cxb5 26. d5 Rcd8 27. Ng3 g6 28. Nf1 Qe5 29. Nd2 Rc8 30. Nxc4 bxc4 31. Rxc4 Rxc4 32. Qxc4 a5 33. Qc3 Qxc3 34. Rxc3 a4 35. Kf2 Kf8 36. Ke3 Ra8 37. Ra3 Ke7 38. Kd4 f6 39. Ra2 Kd6 40. f4 h5 41. h3 h4 42. e5+ fxe5+ 43. fxe5+ Ke7 44. Ra3 g5 45. Ke4 Ra5 46. Kf5 Rxd5 47. Rxa4 Rd7 48. Rg4 Rd2 49. Rxg5 Rf2+ 50. Kg6 Ke6 51. Kh5 Rf5 52. Rxf5 Kxf5 53. Kxh4 Kxe5 54. Kg5 Ke6 55. h4 Kf7 56. g4 Kg7 57. h5 Kh7 58. h6 Kh8 59. Kh5 Kh7 60. g5 Kg8 61. g6 Kh8 62. Kg5 Kg8 63. Kf6 Kh8 64. g7+ Kg8 65. h7+ Kxh7 66. Kf7 1-0

[Event "Bergen Grand Prix 2019"]
[Site "Bergen"]
[Date "2019.11.15"]
[Round "1.12"]
[White "Lunde, Vidar"]
[Black "Bu, Knut Steinar"]
[Result "0-1"]
[ECO "A45"]
[WhiteElo "1051"]
[BlackElo "1321"]
[Annotator "NA RC"]
[PlyCount "110"]
[EventDate "2019.11.15"]
[EventType "swiss"]
[EventCountry "NOR"]
[SourceTitle "playchess.com"]
[Source "ChessBase"]
[SourceQuality "1"]
[TimeControl "40/5400:1800"]

1. d4 Nf6 2. Nc3 e6 3. Bd2 d5 4. Nf3 b6 5. e3 Bb7 6. Be2 Be7 7. O-O O-O 8. a4 a5 9. b3 Nbd7 10. Bd3 Ne4 11. Be1 Bb4 12. Ne2 Bd6 13. c3 c5 14. Bxe4 dxe4 15. Nd2 cxd4 16. cxd4 Rc8 17. Nc4 Bb8 18. Qb1 Nf6 19. h3 Nd7 20. Bc3 Qg5 21. Rd1 Bd5 22. Bd2 Bxc4 23. bxc4 Rxc4 24. Nf4 Bxf4 25. exf4 Qd5 26. Be3 Rfc8 27. Qb2 Rc2 28. Qb5 Qxb5 29. axb5 Rb2 30. Rdb1 Rcc2 31. Rc1 Rxc1+ 32. Rxc1 f5 33. Rc7 Nf6 34. Rc6 Nd5 35. Rxe6 Rxb5 36. Re5 Rb1+ 37. Kh2 Nxe3 38. fxe3 g6 39. Kg3 Kf7 40. d5 Rb5 41. d6 Rxe5 42. fxe5 Ke6 43. Kf4 a4 44. Kg5 a3 45. d7 Kxd7 46. Kf6 Ke8 47. Kg7 a2 48. Kxh7 a1=Q 49. Kxg6 Qxe5 50. g4 fxg4 51. hxg4 Kf8 52. g5 Kg8 53. Kh6 Qf5 54. Kh5 b5 55. Kh6 Qh7# 0-1

[Event "Bergen Grand Prix 2019"]
[Site "Bergen"]
[Date "2019.11.16"]
[Round "2.6"]
[White "Gronnestad, Anita"]
[Black "Kopperud, Vidar Aleksander"]
[Result "1-0"]
[ECO "E00"]
[WhiteElo "1952"]
[BlackElo "1770"]
[Annotator "NA RC"]
[PlyCount "99"]
[EventDate "2019.11.15"]
[EventType "swiss"]
[EventCountry "NOR"]
[SourceTitle "playchess.com"]
[Source "ChessBase"]
[SourceQuality "1"]
[TimeControl "40/5400:1800"]

1. d4 Nf6 2. c4 e6 3. g3 Bb4+ 4. Bd2 Qe7 5. Bg2 O-O 6. a3 {[%emt 0:00:44] E00: Catalan Bogo-Indian (3 g3 Bb4+)} (6. Nf3 b6 7. Ne5 d5 8. O-O Bxd2 9. Nxd2 Bb7 10. cxd5 exd5 11. Rc1 c5 12. Qa4 Rc8 13. Rfe1 Na6 14. e4 {½-½ (37) Bachmann,A (2646)-Granda Zuniga,J (2658) Buenos Aires 2017}) 6... Bxd2+ 7. Nxd2 d6 8. e3 Nbd7 $146 ({Predecessor:} 8... e5 9. Ne2 c6 10. O-O Bg4 11. Nf3 e4 12. Nd2 d5 13. h3 Bf5 {0-1 (63) Van Putten,H (2271)-Wempe,J (2298) Netherlands 2008}) 9. Qc2 a5 10. Ne2 e5 11. O-O Ra7 12. Nc3 c6 13. b4 Nb6 14. b5 Bd7 15. Rab1 c5 16. Rfe1 Be6 17. d5 Bg4 18. h3 Bh5 {[%emt 0:01:04] [#]} (18... Bd7 $11 {remains equal.}) 19. f4 $1 h6 {[%emt 0:10:32] [#]} 20. f5 $1 Nbd7 21. g4 Bxg4 (21... Nxg4 $142 22. hxg4 Bxg4) 22. hxg4 Nxg4 23. Nf3 b6 24. Bh3 Ngf6 25. Ne4 Nxe4 26. Qxe4 Nf6 27. Qh4 e4 28. Nh2 Nxd5 29. Qxe7 Nxe7 30. Rbd1 Rd8 31. Ng4 Nxf5 {[%emt 0:02:23] [#]} 32. Nf6+ $1 gxf6 33. Bxf5 Re7 34. Rd5 Re5 35. Red1 Rxd5 (35... Kf8 $142 36. Rxe5 fxe5 37. Bxe4 Ke7) 36. Rxd5 Kf8 37. Kf2 Ke7 38. Bxe4 Rh8 39. Rh5 Ke6 40. Bd5+ Ke7 41. Kf3 Kf8 42. Kf4 Kg7 43. Rh3 Re8 (43... h5 $142 44. Bf3 h4) 44. Rg3+ Kf8 45. Kf5 Ke7 46. Rg7 Rf8 47. Rh7 h5 48. Rxh5 Rg8 49. Rh7 Rf8 50. a4 1-0

[Event "Bergen Grand Prix 2019"]
[Site "Bergen"]
[Date "2019.11.16"]
[Round "2.7"]
[White "Rasmussen, Jonas H"]
[Black "Solheim, Per Otto"]
[Result "1/2-1/2"]
[ECO "D11"]
[WhiteElo "1951"]
[BlackElo "1752"]
[Annotator "NA RC"]
[PlyCount "80"]
[EventDate "2019.11.15"]
[EventType "swiss"]
[EventCountry "NOR"]
[SourceTitle "playchess.com"]
[Source "ChessBase"]
[SourceQuality "1"]
[TimeControl "40/5400:1800"]

1. d4 d5 2. Nf3 Nf6 3. g3 c6 4. Bg2 Bf5 5. O-O e6 6. c4 Bd6 7. Nc3 Nbd7 8. Nd2 {[%emt 0:02:16] D11: Slav Defence: 3 Nf3 sidelines and 3...Nf6 4 e3 Bg4} O-O 9. b3 (9. e4 dxe4 10. Ndxe4 Nxe4 11. Nxe4 Bxe4 12. Bxe4 Nf6 13. Bf3 Qa5 14. Qb3 Qb6 15. Qc2 c5 16. dxc5 Bxc5 {½-½ (72) Zhou,J (2620)-Li,C (2758) Wuxi 2016}) 9... Rb8 $146 ({Predecessor:} 9... Bg6 10. Bb2 Be7 11. a3 Qc7 12. Rc1 Rad8 13. cxd5 exd5 14. Nxd5 Nxd5 15. Bxd5 Bf6 {1-0 (43) Ustianovich,N (2258)-Shast,V (2139) Ukraine 2000}) 10. Bb2 b5 11. c5 Bc7 12. b4 e5 13. Nb3 e4 14. e3 Qe7 15. Ne2 g5 16. Bc3 (16. a4 $11) 16... Qe6 17. a4 {[%emt 0:02:18] [#]} a6 $1 18. axb5 axb5 19. Ra7 Rbc8 20. Qd2 (20. Nd2 $142) 20... Bh3 21. Rfa1 Bxg2 22. Kxg2 h5 23. Ng1 (23. Na5 $17) 23... h4 24. Qe2 Kg7 25. Nh3 (25. Be1 $17) 25... Qf5 26. Rh1 g4 27. Nf4 h3+ 28. Kf1 Bxf4 29. exf4 $2 {[%emt 0:00:35] [#]} (29. gxf4 $15 Ra8 30. Ra5) 29... Ra8 $2 (29... e3 $1 $19 {[%mdl 512] is more deadly.} 30. Nc1 (30. Qxe3 Rce8) 30... Ra8 31. Rxd7 Nxd7) 30. Rxa8 Rxa8 31. Na5 $2 {[%emt 0:00:20] [#]} (31. Qe3 $17) 31... e3 $1 32. fxe3 Qb1+ 33. Be1 Qe4 $2 (33... Nf8 $19 34. Kg1 Ra6) 34. Rg1 {[%emt 0:00:40] [#]} Qe6 (34... Nf8 $1 $17 35. Kf2 (35. Nxc6 $2 Ra1 $19) 35... Ng6) 35. Qd3 Ne4 36. Ke2 f5 37. Bd2 Kg6 38. Bc3 $11 Ra6 39. Ra1 Ndf6 40. Be1 Qe8 1/2-1/2

[Event "Bergen Grand Prix 2019"]
[Site "Bergen"]
[Date "2019.11.16"]
[Round "2.8"]
[White "Lie, Bjorn"]
[Black "Jacobsen, Hans-Henry"]
[Result "0-1"]
[ECO "A57"]
[WhiteElo "1456"]
[BlackElo "1646"]
[Annotator "NA RC"]
[PlyCount "60"]
[EventDate "2019.11.15"]
[EventType "swiss"]
[EventCountry "NOR"]
[SourceTitle "playchess.com"]
[Source "ChessBase"]
[SourceQuality "1"]
[TimeControl "40/5400:1800"]

1. d4 Nf6 2. c4 c5 3. d5 b5 4. cxb5 a6 5. e3 g6 6. Nc3 Bg7 7. Nf3 d6 8. Qc2 O-O 9. Be2 Nbd7 10. O-O Ng4 11. e4 Nge5 12. Nd2 Nb6 13. f4 Ned7 14. Nf3 axb5 15. Bxb5 Ba6 16. a4 Bxc3 17. Bxa6 Bg7 18. Bb5 Qc7 19. Bd2 Nc8 20. Bc6 Rb8 21. Bc3 Na7 22. Bxg7 Kxg7 23. Qc3+ Kg8 24. Bxd7 Qxd7 25. Rfb1 Rb4 26. Nd2 Rxa4 27. Rxa4 Qxa4 28. Qa3 Qd4+ 29. Kf1 Qxd2 30. Qxa7 Qd3+ 0-1

[Event "Bergen Grand Prix 2019"]
[Site "Bergen"]
[Date "2019.11.16"]
[Round "2.9"]
[White "Sorhus, Jostein"]
[Black "Hoyforsslett, Gard Rye"]
[Result "1-0"]
[ECO "A21"]
[WhiteElo "1630"]
[BlackElo "1531"]
[Annotator "NA RC"]
[PlyCount "103"]
[EventDate "2019.11.15"]
[EventType "swiss"]
[EventCountry "NOR"]
[SourceTitle "playchess.com"]
[Source "ChessBase"]
[SourceQuality "1"]
[TimeControl "40/5400:1800"]

1. c4 e5 2. g3 f5 3. d3 Nf6 4. Bg5 g6 5. Bg2 Bg7 6. Nc3 O-O 7. Nf3 d6 8. O-O Nbd7 9. Rc1 Qe8 10. Nd2 Rb8 11. Nb5 Qd8 12. Nxa7 Ra8 13. Nxc8 Qxc8 14. a3 h6 15. Bxf6 Nxf6 16. Qb3 c6 17. e3 Rb8 18. f4 exf4 19. exf4 Ng4 20. Nf3 Ne3 21. Rfe1 Nxg2 22. Kxg2 Re8 23. Rxe8+ Qxe8 24. Re1 Qd7 25. Qc2 b5 26. Kh3 bxc4 27. Qxc4+ d5 28. Qc5 Rb5 29. Qe3 Rxb2 30. d4 Rb7 31. Ne5 Bxe5 32. Qxe5 Ra7 33. Qf6 Qf7 34. Qxc6 Rxa3 35. Re6 Kg7 36. Qxd5 Ra7 37. Qe5+ Kf8 38. Qh8+ Qg8 39. Re8+ Kxe8 40. Qxg8+ Ke7 41. Qg7+ Ke6 42. Qxa7 g5 43. Qb7 g4+ 44. Kh4 Kf6 45. Qc6+ Kg7 46. Qe8 Kf6 47. d5 h5 48. d6 Kg7 49. d7 Kh6 50. d8=Q Kh7 51. Qg8+ Kh6 52. Qdg5# 1-0

[Event "Bergen Grand Prix 2019"]
[Site "Bergen"]
[Date "2019.11.16"]
[Round "2.10"]
[White "Sivertsen, Jarle"]
[Black "Vagenes, Anders Hjollo"]
[Result "1-0"]
[ECO "B87"]
[WhiteElo "1597"]
[BlackElo "1439"]
[Annotator "NA RC"]
[PlyCount "47"]
[EventDate "2019.11.15"]
[EventType "swiss"]
[EventCountry "NOR"]
[SourceTitle "playchess.com"]
[Source "ChessBase"]
[SourceQuality "1"]
[TimeControl "40/5400:1800"]

1. e4 c5 2. Nf3 d6 3. d4 cxd4 4. Nxd4 Nf6 5. Nc3 a6 6. Bc4 e6 7. O-O b5 8. Bb3 b4 9. Na4 Nxe4 10. Re1 d5 11. Qf3 Be7 12. Rxe4 dxe4 13. Qxe4 Ra7 14. Be3 Rd7 15. c3 Bb7 16. Qg4 Kf8 17. Bxe6 Rd6 18. Nf5 fxe6 19. Qxg7+ Ke8 20. Qxh8+ Bf8 21. Nxd6+ Qxd6 22. Bc5 Qd5 23. Qxf8+ Kd7 24. Nb6+ 1-0

[Event "Bergen Grand Prix 2019"]
[Site "Bergen"]
[Date "2019.11.16"]
[Round "2.11"]
[White "Holten, Terje"]
[Black "Tenfjord Engelsen, Teodor"]
[Result "0-1"]
[ECO "C59"]
[WhiteElo "1155"]
[BlackElo "1349"]
[Annotator "NA RC"]
[PlyCount "36"]
[EventDate "2019.11.15"]
[EventType "swiss"]
[EventCountry "NOR"]
[SourceTitle "playchess.com"]
[Source "ChessBase"]
[SourceQuality "1"]
[TimeControl "40/5400:1800"]

1. e4 e5 2. Nf3 Nc6 3. Bc4 Nf6 4. Ng5 d5 5. exd5 Na5 6. Bb5+ c6 7. dxc6 bxc6 8. Be2 h6 9. Nf3 e4 10. Ne5 Bc5 11. O-O Qd4 12. Ng4 Bxg4 13. Bxg4 e3 14. Qe2 Qxg4 15. f3 Qe6 16. c3 exd2+ 17. Qf2 Bxf2+ 18. Rxf2 Qe1+ 0-1

[Event "Bergen Grand Prix 2019"]
[Site "Bergen"]
[Date "2019.11.16"]
[Round "2.12"]
[White "Bu, Knut Steinar"]
[Black "Wallevik, Karl"]
[Result "0-1"]
[ECO "C77"]
[WhiteElo "1321"]
[BlackElo "1186"]
[Annotator "NA RC"]
[PlyCount "88"]
[EventDate "2019.11.15"]
[EventType "swiss"]
[EventCountry "NOR"]
[SourceTitle "playchess.com"]
[Source "ChessBase"]
[SourceQuality "1"]
[TimeControl "40/5400:1800"]

1. e4 e5 2. Nf3 Nc6 3. Bb5 a6 4. Ba4 Nf6 5. d3 b5 6. Bb3 Be7 7. c3 d5 8. exd5 Nxd5 9. h3 Bb7 10. O-O Qd6 11. Nbd2 O-O-O 12. Ne4 Qg6 13. Bc2 h6 14. Ng3 Qf6 15. d4 exd4 16. Ne4 Qe6 17. Ng3 g6 18. Nxd4 Nxd4 19. Qxd4 Nf6 20. Qe3 Qc6 21. Ne4 Nxe4 22. Bxe4 Qxe4 23. Qxe4 Bxe4 24. Re1 f5 25. f3 Bc5+ 26. Be3 Bxe3+ 27. Rxe3 Bd5 28. a3 Rhe8 29. Rae1 Rxe3 30. Rxe3 Bc4 31. Re7 Rd7 32. Rxd7 Kxd7 33. Kf2 f4 34. g3 fxg3+ 35. Kxg3 Kd6 36. Kf4 Kd5 37. h4 a5 38. b4 a4 39. Ke3 g5 40. hxg5 hxg5 41. f4 gxf4+ 42. Kxf4 Bd3 43. Ke3 Kc4 44. Kd2 Bf5 0-1

[Event "Bergen Grand Prix 2019"]
[Site "Bergen"]
[Date "2019.11.16"]
[Round "3.1"]
[White "Haldorsen, Benjamin"]
[Black "Fossan, Aleksander"]
[Result "1/2-1/2"]
[ECO "B36"]
[WhiteElo "2443"]
[BlackElo "2179"]
[Annotator "NA"]
[PlyCount "51"]
[EventDate "2019.11.15"]
[EventType "swiss"]
[EventCountry "NOR"]
[SourceTitle "playchess.com"]
[Source "ChessBase"]
[SourceQuality "1"]
[TimeControl "40/5400:1800"]

1. e4 c5 2. Nf3 g6 3. c4 Nc6 4. d4 cxd4 5. Nxd4 Nf6 6. Nc3 Nxd4 7. Qxd4 d6 8. Be3 Bg7 9. f3 O-O 10. Qd2 a5 11. Be2 a4 12. Rc1 Qa5 13. Kf2 Be6 14. Nd5 Bxd5 15. Qxa5 $14 Rxa5 16. exd5 Nd7 17. Rb1 Nc5 18. Rhd1 f5 19. g3 Raa8 20. Kg2 Rfc8 21. h4 Kf7 22. h5 Re8 23. hxg6+ hxg6 24. Bf2 Rh8 25. Rd2 Be5 26. Bxc5 1/2-1/2

[Event "Bergen Grand Prix 2019"]
[Site "Bergen"]
[Date "2019.11.16"]
[Round "3.2"]
[White "Kizatbay, Abyl"]
[Black "Fossan, Petter"]
[Result "0-1"]
[ECO "B27"]
[WhiteElo "2113"]
[BlackElo "2315"]
[Annotator "NA"]
[PlyCount "70"]
[EventDate "2019.11.15"]
[EventType "swiss"]
[EventCountry "NOR"]
[SourceTitle "playchess.com"]
[Source "ChessBase"]
[SourceQuality "1"]
[TimeControl "40/5400:1800"]

1. e4 c5 2. Nf3 g6 3. d4 cxd4 4. Qxd4 Nf6 5. Nc3 Nc6 6. Qa4 d6 7. e5 dxe5 8. Nxe5 Bd7 9. Nxd7 Qxd7 10. Be3 Bg7 11. Rd1 Qc8 12. Be2 O-O 13. O-O a6 14. Rfe1 Qc7 15. Qh4 Rad8 $11 16. Na4 Nd5 17. Bg5 Qa5 18. a3 Nd4 19. b3 Nxc2 20. Rf1 Nf6 21. Rc1 Nd4 22. Bd1 Nf5 23. Qh3 Rc8 24. b4 Qe5 25. Nc5 Nd6 26. Bd2 Qd4 27. Bc3 Qf4 28. Bb3 Nfe4 29. Ne6 Ng5 30. Nxg5 Qxg5 31. f4 Qf5 32. g4 Qe4 33. Bd2 Bd4+ 34. Rf2 Rxc1+ 35. Bxc1 Qe1+ 0-1

[Event "Bergen Grand Prix 2019"]
[Site "Bergen"]
[Date "2019.11.16"]
[Round "3.3"]
[White "Eliseev, Sergey"]
[Black "Mansoor, Afras"]
[Result "0-1"]
[ECO "D03"]
[WhiteElo "1911"]
[BlackElo "2115"]
[Annotator "NA"]
[PlyCount "70"]
[EventDate "2019.11.15"]
[EventType "swiss"]
[EventCountry "NOR"]
[SourceTitle "playchess.com"]
[Source "ChessBase"]
[SourceQuality "1"]
[TimeControl "40/5400:1800"]

1. d4 Nf6 2. Nf3 g6 3. Bg5 Bg7 4. Nbd2 O-O 5. c3 d5 6. e3 Bf5 7. h3 c5 8. dxc5 Qc7 9. Nb3 Rd8 10. Bf4 $11 Qc8 11. Ne5 a5 12. a4 Na6 13. g4 Be6 14. c6 bxc6 15. Nxa5 Bd7 16. Nb3 Ne4 17. Bxa6 Rxa6 18. f3 Nd6 19. Nxd7 Rxd7 20. Nc5 e5 21. Nxd7 exf4 22. Nc5 Ra7 23. exf4 Nc4 24. Ra2 Qe8+ 25. Kf2 Qe3+ 26. Kg3 Qxc5 27. Re1 h6 28. Qe2 Bf6 29. h4 Re7 30. Qd1 g5 31. hxg5 hxg5 32. fxg5 Bxg5 33. Rxe7 Qxe7 34. a5 Qe5+ 35. Kg2 Ne3+ 0-1

[Event "Bergen Grand Prix 2019"]
[Site "Bergen"]
[Date "2019.11.16"]
[Round "3.4"]
[White "Flatebo, Hallvard Haug"]
[Black "Gronnestad, Anita"]
[Result "0-1"]
[ECO "D02"]
[WhiteElo "1837"]
[BlackElo "1952"]
[Annotator "NA"]
[PlyCount "60"]
[EventDate "2019.11.15"]
[EventType "swiss"]
[EventCountry "NOR"]
[SourceTitle "playchess.com"]
[Source "ChessBase"]
[SourceQuality "1"]
[TimeControl "40/5400:1800"]

1. d4 d5 2. Nf3 Nf6 3. g3 Bf5 4. Bg2 e6 5. O-O Bd6 6. Nbd2 h6 7. c4 c6 8. Qb3 b6 9. Ne5 Qc7 10. Ndf3 Ne4 11. Be3 f6 12. Nd3 O-O 13. Rac1 Qe7 $16 14. Rfd1 Nd7 15. Nd2 Nxd2 16. Rxd2 Rac8 17. Rdc2 Rcd8 18. Qa4 dxc4 19. Qxc4 c5 20. dxc5 Nxc5 21. Bxc5 Bxc5 22. Be4 Rd4 23. Qb5 Bxe4 24. Rc4 Bxd3 25. exd3 Rd5 26. Qb3 Qd7 27. Rd1 Rd8 28. Re4 Bd4 29. Rde1 Re5 30. Kg2 Qd5 0-1